AoeStats
← WaxCreator777

Four Lakes

508045920Analyzed
1v1 RM · 13d ago on Sep 20, 2026· 60m 4s· 2 players
Game mode
Random Map
Map size
Tiny (2 player)
Population
200
Speed
Normal
Resources
Standard
Victory
Conquest
Starting age
Dark Age
Ending age
Imperial Age
RankedLock teamsTeams togetherTeam positionsShared explorationLock speedFull tech treeHidden civsTurbo modeCheats
Victory
Defeat
🇷🇺 Magyars · Russia
902
+16
🇺🇸 Chinese · United States
894
-16
WaxCreator777
0:38 Loom
10:26 Feudal Age
11:23 Double-Bit Axe
12:48 Man-at-Arms
16:15 Wheelbarrow
15:28 Horse Collar
21:46 Castle Age
23:26 Pikeman
24:09 Squires
23:55 Arson
24:36 Fishing Lines
25:32 Town Watch
25:56 Gillnets
29:19 Bow Saw
30:44 Hand Cart
31:37 Great Wall
32:09 Murder Holes
32:43 Masonry
33:18 Heavy Plow
34:24 Elite Skirmisher
35:10 Thumb Ring
38:51 Fletching
39:02 Padded Archer Armor
40:59 Bodkin Arrow
41:19 Leather Archer Armor
43:45 Imperial Age
46:05 Fervor
45:28 Light Cavalry
45:34 Cavalier
46:30 Bloodlines
46:21 Husbandry
52:36 Halberdier
54:06 Conscription
Chwarzkok
9:45 Loom
11:45 Feudal Age
16:49 Castle Age
14:38 Horse Collar
14:45 Double-Bit Axe
21:28 Bow Saw
21:59 Town Watch
22:52 Wheelbarrow
23:08 Bloodlines
23:00 Husbandry
24:36 Stone Mining
25:27 Gold Mining
26:45 Fletching
26:56 Padded Archer Armor
28:09 Hand Cart
28:54 Leather Archer Armor
28:38 Bodkin Arrow
29:38 Gold Shaft Mining
29:38 Town Patrol
34:06 Imperial Age
32:43 Thumb Ring
32:54 Scale Barding Armor
36:26 Parthian Tactics
35:32 Light Cavalry
37:06 Ballistics
41:05 Heavy Cavalry Archer
41:14 Hussar
44:12 Chemistry
43:22 Bracer
43:53 Ring Archer Armor
43:53 Chain Barding Armor
50:21 Plate Barding Armor
Connection lost

Rejoining the realm…

Still unreachable

The connection could not be restored.

Session expired

The server has moved on; the page needs a fresh start.